 Dungeon Crawl Stone Soup version 0.25.1-8-g42b30a86e7 (webtiles) character file.

Game seed: 3892904280142122444

231 hawla the Conjurer (level 5, 0/38 HPs)
             Began as a Draconian Conjurer on Dec 13, 2020.
             Killed by miscasting Iskenderun's Mystic Blast (6 damage)
             ... on level 3 of the Dungeon.
             The game lasted 00:07:52 (3543 turns).

hawla the Conjurer (Draconian Conjurer)             Turns: 3543, Time: 00:07:53

Health: 0/38       AC:  6    Str: 11    XL:     5   Next: 72%
Magic:  5/11       EV: 12    Int: 16    God:
Gold:   110        SH:  0    Dex: 11    Spells: 5/12 levels left

rFire    . . .     SeeInvis .   (no weapon)
rCold    . . .     Gourm    .   (no shield)
rNeg     . . .     Faith    .   (armour unavailable)
rPois    .         Spirit   .   (helmet restricted)
rElec    .         Reflect  .   k - +0 cloak
rCorr    .         Harm     .   (no gloves)
MR       .....                  (no boots)
Stlth    ++........             (no amulet)
HPRegen  0.12/turn              (no ring)
MPRegen  0.12/turn              (no ring)

@: brilliant, stab, very slightly contaminated
A: unfitting armour, cold-blooded, AC +5
a: no special abilities


You were on level 3 of the Dungeon.
You were hungry.

You visited 1 branch of the dungeon, and saw 4 of its levels.

You collected 110 gold pieces.

Inventory:

Missiles
 e - 18 poisoned darts (quivered)
Armour
 k - a +0 cloak (worn)
Jewellery
 c - a +6 ring of strength
Scrolls
 g - 2 scrolls of teleportation
Potions
 a - a potion of brilliance
 f - a potion of lignification
 h - a potion of flight
 i - 2 potions of curing
 l - a potion of mutation {unknown}
Comestibles
 b - 7 rations


   Skills:
 - Level 1.7 Dodging
 - Level 1.7 Stealth
 - Level 4.3 Spellcasting
 + Level 4.5 Conjurations
 * Level 2.8 Translocations


You had 5 spell levels left.
You knew the following spells:

 Your Spells              Type           Power        Failure   Level  Hunger
a - Magic Dart            Conj           ####         2%          1    None
b - Searing Ray           Conj           ####..       3%          2    None
c - Iskenderun's Mystic   Conj/Tloc      ###.....     34%         4    None

Your spell library contained the following spells:

 Spells                   Type           Power        Failure   Level  Hunger
 Dazzling Flash           Conj/Hex       ###...       19%         3    None
 Fulminant Prism          Conj/Hex       ###.......   54%         4    None


Dungeon Overview and Level Annotations

Branches:
Dungeon (4/15)
 Temple: D:4-7

Altars:


Innate Abilities, Weirdness & Mutations

Your plain brown scales are hard. (AC +5)
You cannot fit into any form of body armour.
You are cold-blooded and may be slowed by cold attacks.


Message History

You feel less confused.
The gnoll shaman hits you with a +0 whip.
* * * LOW HITPOINT WARNING * * *
Casting: Magic Dart (safe; 2% risk of failure)
Confirm with . or Enter, or press ? or * to list all spells.
Aiming: Searing Ray (safe; 3% risk of failure)
Press: ? - help, Shift-Dir - straight line, f/p - gnoll shaman
Aim: a gnoll shaman, wielding a +0 whip and wearing a +0 leather armour (moderately wounded)
You feel a surge of power!
The searing ray hits the gnoll shaman!
The gnoll shaman is severely wounded. (Press . to maintain the ray.)
The gnoll shaman hits you with a +0 whip.
* * * LOW HITPOINT WARNING * * *
Casting: Searing Ray (safe; 3% risk of failure)
Confirm with . or Enter, or press ? or * to list all spells.
The spell is extremely dangerous to cast (34% risk of failure)!
Continue anyway?
You feel a surge of power!
You miscast Iskenderun's Mystic Blast.
You are very lightly contaminated with residual magic.
Energy rips through your body.
You die...

########## #........#
#........########
#........)......#
#.........#####.#
#.........#####.###
#..>..............#
#....g@...#####.#.#####
#......................
#.........#####.##.#### #####
#........######.##..# #...#
#.[......##.......#<#
#...#############.......#.#
##......##...............#.##
#<.......................#..#
##......##...............##.#


You could see a gnoll shaman.

Vanquished Creatures
  A bullfrog (D:4)
  A crimson imp (D:2)
  A gnoll (D:3)
  4 adders
  2 oozes
  3 worms (D:2)
  5 dart slugs
  3 leopard geckos
  2 giant cockroaches (D:1)
  6 hobgoblins
  A quokka (D:2)
  5 bats (D:1)
  8 frilled lizards
  5 goblins
  7 kobolds
  11 rats
65 creatures vanquished.

Notes
Turn   | Place    | Note
-------+----------+-------------------------------------------
     0 | D:1      | hawla the Draconian Conjurer began the quest for the Orb.
     0 | D:1      | Reached XP level 1. HP: 14/14 MP: 3/3
   329 | D:1      | Reached XP level 2. HP: 20/20 MP: 3/5
   333 | D:1      | Learned a level 2 spell: Searing Ray
  1069 | D:1      | Reached XP level 3. HP: 26/26 MP: 3/7
  1975 | D:2      | Reached XP level 4. HP: 33/33 MP: 6/10
  1981 | D:2      | Learned a level 4 spell: Iskenderun's Mystic Blast
  2401 | D:2      | Reached skill level 1 in Translocations
  2763 | D:2      | Reached XP level 5. HP: 38/38 MP: 7/11
  3543 | D:3      | Killed by miscasting Iskenderun's Mystic Blast

Illustrated notes

Levels and vault maps discovered:
D:1:      mrwooster_arrival_arrow, layout_loops_ring
D:2:      layout_loops_ring
D:3:      layout_basic
D:4:      layout_cave_pods, grunt_temple_overflow_open, uniq_ijyb

Skill      XL: |  1  2  3  4  5 |
---------------+----------------+-----
Spellcasting   | 3 4 |  4.3
Translocations | 1 2 |  2.8
Dodging        | |  1.7
Stealth        | |  1.7
Conjurations   | |  4.5

Action                   |  1- 3 |  4- 6 || total
-------------------------+-------+-------++-------
Melee: Unarmed           |    20 |     3 ||    23
 Cast: Magic Dart        |    68 |    28 ||    96
       Searing Ray       |    16 |    19 ||    35
       Iskenderun's Myst |       |     2 ||     2
  Use: Scroll            |     4 |     5 ||     9
       Potion            |       |     3 ||     3
  Eat: Chunk             |     4 |     5 ||     9
Armor: Skin              |    11 |     2 ||    13
Dodge: Dodged            |    25 |    15 ||    40
